Maroons vs Sharks

Created - 29 janvier 2020 at 17:52

Goals
1 2 3 OT1 SO T
Maroons 0 2 0 0 1 3
Sharks 0 1 1 0 0 2
Shots
1 2 3 OT1 SO T
Maroons 16 12 10 0 3 38
Sharks 16 8 11 1 3 36

1st period

No Goal

Penalties :
Jonathan Drouin (SJS) for Charging (Minor) at 9:50

2nd period

1. Sharks , Teuvo Teravainen 12 (Alex Pietrangelo 19, Jonathan Drouin 20) at 1:43
2. Maroons , Ryan McDonagh 2 (Nick Ritchie 7) at 8:08
3. Maroons , Bryan Rust 8 (Charlie Coyle 10, Pierre-Luc Dubois 19) at 9:49 (PP)

Penalties :
Colton Sceviour (SJS) for Holding (Minor) at 9:48

3rd period

4. Sharks , Sidney Crosby 24 (Jonathan Huberdeau 21, Gabriel Landeskog 24) at 6:29

Penalties :
Jacob Trouba (MON) for Holding (Minor) at 7:17, Esa Lindell (MON) for Holding Stick (Minor) at 16:39, Brendan Gallagher (MON) for Holding (Minor) at 19:01

Overtime #1

No Goal

Penalties :
No Penalty

Shootout

Maroons, Bo Horvat - Goal!
Sharks, Sidney Crosby - Shot Misses the Net
Maroons, Matthew Tkachuk - Stopped by Darcy Kuemper
Sharks, Jonathan Huberdeau - Stopped by Cam Ward
Maroons, Brendan Gallagher - Shot Misses the Net
Sharks, Gabriel Landeskog - Stopped by Cam Ward

Penalties :
No Penalty

Goalie Stats

Cam Ward (MON), 34 saves from 36 shots - (0,944), W, 5-2-0, 65:00 minutes
Darcy Kuemper (SJS), 36 saves from 38 shots - (0,947), OTL, 19-9-7, 65:00 minutes

Players Stats for Maroons

Player Name              G  A  P  +/- PIM S  H  SB GA TA FO     MP     PP MP  PK MP  
------------------------------------------------------------------------------------
Alexander Kerfoot        0  0  0   0  0   4  0  0  1  0  1/1    12:03   0:00   1:07 
Bo Horvat                0  0  0   0  0   2  1  0  2  0  16/30  21:54   1:04   0:46 
Brendan Gallagher        0  0  0   0  2   2  3  0  2  0  0/2    21:32   1:04   0:00 
Brenden Dillon           0  0  0  -1  0   1  0  0  0  1  0/0    19:40   0:57   2:48 
Bryan Rust               1  0  1  -1  0   3  1  0  1  0  0/1    19:02   0:56   1:09 
Cal Clutterbuck          0  0  0   0  0   2  2  0  0  0  0/0    14:29   0:00   2:44 
Carl Gunnarsson          0  0  0   1  0   1  0  0  0  0  0/0    14:04   0:00   0:46 
Charlie Coyle            0  1  1  -1  0   4  3  0  1  0  0/0    17:36   0:56   0:00 
Esa Lindell              0  0  0  -1  2   0  0  5  0  2  0/0    29:21   1:03   2:04 
Frederik Gauthier        0  0  0   0  0   1  0  0  0  0  0/1     8:26   0:00   1:09 
Jacob Trouba             0  0  0  -1  2   4  2  2  0  1  0/0    22:52   1:03   1:53 
Jay Beagle               0  0  0   0  0   0  0  0  0  0  1/4     9:57   0:00   2:40 
Matthew Tkachuk          0  0  0   0  0   6  3  0  3  0  0/3    21:40   1:04   0:11 
Nick Ritchie             0  1  1   0  0   0  2  0  0  0  0/0     7:17   0:00   0:00 
Nick Schmaltz            0  0  0   0  0   1  0  0  0  0  4/8    11:13   0:00   0:00 
Noah Juulsen             0  0  0   1  0   2  2  1  0  0  0/0    14:09   0:00   1:14 
Pierre-Luc Dubois        0  1  1  -1  0   3  2  1  0  1  11/16  18:50   0:56   1:07 
Ryan McDonagh            1  0  1  -1  0   2  0  3  1  0  0/0    26:18   0:57   3:09 

Players Stats for Sharks

Player Name              G  A  P  +/- PIM S  H  SB GA TA FO     MP     PP MP  PK MP  
------------------------------------------------------------------------------------
Alex Pietrangelo         0  1  1   1  0   0  1  1  0  4  0/0    25:13   2:28   1:07 
Andreas Johnsson         0  0  0  -1  0   2  0  1  0  0  0/0    11:19   0:00   0:00 
Boone Jenner             0  0  0  -1  0   3  0  1  0  0  4/8    14:20   0:33   1:01 
Colton Sceviour          0  0  0  -1  2   1  1  0  0  0  0/0    13:27   0:45   0:57 
Dylan Larkin             0  0  0   1  0   4  3  0  0  1  11/24  20:02   2:43   0:00 
Gabriel Landeskog        0  1  1   1  0   5  2  1  0  0  1/1    21:48   1:50   0:12 
Jonathan Drouin          0  1  1   1  2   1  1  0  1  0  1/1    18:23   1:43   0:00 
Jonathan Huberdeau       0  1  1   1  0   4  1  0  0  0  1/4    22:54   2:33   0:23 
Juho Lammikko            0  0  0   0  0   0  0  0  0  0  1/2     8:20   0:11   0:43 
Justin Braun             0  0  0   1  0   1  2  0  0  2  0/0    24:32   2:28   0:53 
Mark Borowiecki          0  0  0   1  0   1  3  2  0  1  0/0    15:46   0:00   1:07 
Michael Raffl            0  0  0   0  0   1  0  0  0  0  0/0     8:27   0:00   0:44 
Mirco Mueller            0  0  0  -1  0   1  1  2  0  0  0/0    20:59   0:00   0:53 
Remi Elie                0  0  0   0  0   0  0  0  0  0  1/1     7:26   0:00   0:00 
Sidney Crosby            1  0  1   1  0   7  2  0  2  1  12/23  22:19   2:28   0:00 
Teuvo Teravainen         1  0  1   1  0   3  2  0  1  0  1/2    19:13   2:02   0:00 
Tyson Barrie             0  0  0   1  0   1  2  0  0  0  0/0    17:01   2:28   0:00 
Zach Werenski            0  0  0  -1  0   1  0  0  1  2  0/0    23:02   2:28   0:00 

3 Stars

1 - Darcy Kuemper (SJS)
2 - Cam Ward (MON)
3 - Sidney Crosby (SJS)

Power Play

Maroons - 1 on 2 Attempt(s) - 50,00%
Sharks - 0 on 3 Attempt(s) - 0,00%

Penalty Kill

Maroons - 3 on 3 Attempt(s) - 100,00% - Score 0 goal in Penalty Kill
Sharks - 1 on 2 Attempt(s) - 50,00% - Score 0 goal in Penalty Kill

Team Stat

Maroons - Hits : 21 - Faceoff Wins : 33 - Blocked Shots : 12 - Penalty Minutes : 6
Sharks - Hits : 21 - Faceoff Wins : 33 - Blocked Shots : 8 - Penalty Minutes : 4

Official

Referees : Dan O'Rourke and Dennis LaRue
Linesman : Devin Berg and John Grandt

Game Notes

No Game Note

Finance

Level 1 -- Attendance: 4847 (80,78%) -- Ticket Income 484 700 $
Level 2 -- Attendance: 4750 (95,00%) -- Ticket Income 285 000 $
Level 3 -- Attendance: 2000 (100,00%) -- Ticket Income 70 000 $
Level 4 -- Attendance: 4000 (100,00%) -- Ticket Income 80 000 $
Luxury Box -- Attendance: 676 (67,60%) -- Ticket Income 135 200 $
Game was played at the Wananiche.
Total Attendance: 16273 (90,41%)
Total Ticket Income: 1 054 900 $
Other Income: 516 901 $
Total Income: 1 571 801 $

Maroons

5 vs 5 Forward 
   Center                   Left Wing                Right Wing               Time % Phy DF OF 
 1 Bo Horvat                Matthew Tkachuk          Brendan Gallagher        40     1   2  2  
 2 Pierre-Luc Dubois        Bryan Rust               Charlie Coyle            30     1   2  2  
 3 Nick Schmaltz            Cal Clutterbuck          Alexander Kerfoot        20     1   2  2  
 4 Frederik Gauthier        Nick Ritchie             Jay Beagle               10     1   2  2  

5 vs 5 Defense 
   Defense                  Defense                                           Time % Phy DF OF 
 1 Esa Lindell              Ryan McDonagh                                     40     1   2  2  
 2 Jacob Trouba             Brenden Dillon                                    30     1   2  2  
 3 Carl Gunnarsson          Noah Juulsen                                      20     1   2  2  
 4 Esa Lindell              Jacob Trouba                                      10     1   2  2  

PowerPlay Forward 
   Center                   Left Wing                Right Wing               Time % Phy DF OF 
 1 Bo Horvat                Matthew Tkachuk          Brendan Gallagher        60     1   2  2  
 2 Pierre-Luc Dubois        Bryan Rust               Charlie Coyle            40     1   2  2  

PowerPlay Defense
   Defense                  Defense                                           Time % Phy DF OF 
 1 Esa Lindell              Jacob Trouba                                      60     1   2  2  
 2 Ryan McDonagh            Brenden Dillon                                    40     1   2  2  

Penalty Kill 4 Players Forward 
   Center                   Wing                     Time % Phy DF OF 
 1 Jay Beagle               Cal Clutterbuck          60     1   2  2  
 2 Frederik Gauthier        Bryan Rust               40     1   2  2  

Penalty Kill 4 Players Defense
   Defense                  Defense                  Time % Phy DF OF 
 1 Esa Lindell              Ryan McDonagh            60     1   2  2  
 2 Jacob Trouba             Brenden Dillon           40     1   2  2  

Penalty Kill - 3 Players Forward 
   Forward                                           Time % Phy DF OF 
 1 Bo Horvat                                         60     1   2  2  
 2 Matthew Tkachuk                                   40     1   2  2  

Penalty Kill - 3 Players Defense
   Defense                  Defense                  Time % Phy DF OF 
 1 Esa Lindell              Ryan McDonagh            60     1   2  2  
 2 Jacob Trouba             Brenden Dillon           40     1   2  2  

4 vs 4 Forward 
   Center                   Wing                     Time % Phy DF OF 
 1 Bo Horvat                Matthew Tkachuk          60     1   2  2  
 2 Brendan Gallagher        Bryan Rust               40     1   2  2  

4 vs 4 Defense
   Defense                  Defense                  Time % Phy DF OF 
 1 Esa Lindell              Ryan McDonagh            60     1   2  2  
 2 Jacob Trouba             Brenden Dillon           40     1   2  2  

Last Minutes Offensive
   Center                   Left Wing                Right Wing               Defense                  Defense                  
   Bo Horvat                Matthew Tkachuk          Brendan Gallagher        Esa Lindell              Jacob Trouba             

Last Minutes Defensive
   Center                   Left Wing                Right Wing               Defense                  Defense                  
   Bo Horvat                Bryan Rust               Cal Clutterbuck          Esa Lindell              Ryan McDonagh            

Goaltenders
Starting : Cam Ward                 
Backup : John Gibson              

Extra Forwards
Normal : Bo Horvat, Frederik Gauthier, Cal Clutterbuck - PP : Bo Horvat, Matthew Tkachuk - PK : Cal Clutterbuck
Extra Defensemen
Normal : Carl Gunnarsson, Noah Juulsen, Jacob Trouba - PP : Carl Gunnarsson - PK : Noah Juulsen, Jacob Trouba
Penalty Shots
Bo Horvat, Matthew Tkachuk, Brendan Gallagher, Bryan Rust, Pierre-Luc Dubois
Custom OT Lines Forwards
Bo Horvat, Matthew Tkachuk, Brendan Gallagher, Bryan Rust, Pierre-Luc Dubois, Charlie Coyle, Cal Clutterbuck, Nick Schmaltz, Alexander Kerfoot, Jay Beagle
Custom OT Lines Defensemen
Esa Lindell, Ryan McDonagh, Jacob Trouba, Brenden Dillon, Carl Gunnarsson

Scratches
Pontus Aberg (Healthy), Filip Zadina (Healthy), Buddy Robinson (Healthy), Tobias Rieder (Healthy)

Sharks

5 vs 5 Forward 
   Center                   Left Wing                Right Wing               Time % Phy DF OF 
 1 Sidney Crosby            Gabriel Landeskog        Jonathan Huberdeau       36     1   1  3  
 2 Dylan Larkin             Teuvo Teravainen         Jonathan Drouin          34     1   1  3  
 3 Boone Jenner             Andreas Johnsson         Colton Sceviour          20     1   1  3  
 4 Juho Lammikko            Remi Elie                Michael Raffl            10     1   2  2  

5 vs 5 Defense 
   Defense                  Defense                                           Time % Phy DF OF 
 1 Alex Pietrangelo         Justin Braun                                      38     1   2  2  
 2 Zach Werenski            Mirco Mueller                                     38     1   2  2  
 3 Mark Borowiecki          Tyson Barrie                                      24     1   2  2  
 4 Mark Borowiecki          Alex Pietrangelo                                  0      0   3  2  

PowerPlay Forward 
   Center                   Left Wing                Right Wing               Time % Phy DF OF 
 1 Sidney Crosby            Jonathan Huberdeau       Dylan Larkin             60     1   2  2  
 2 Gabriel Landeskog        Teuvo Teravainen         Jonathan Huberdeau       40     1   2  2  

PowerPlay Defense
   Defense                  Defense                                           Time % Phy DF OF 
 1 Alex Pietrangelo         Justin Braun                                      60     1   2  2  
 2 Zach Werenski            Tyson Barrie                                      40     1   2  2  

Penalty Kill 4 Players Forward 
   Center                   Wing                     Time % Phy DF OF 
 1 Boone Jenner             Colton Sceviour          55     0   4  1  
 2 Juho Lammikko            Michael Raffl            45     0   4  1  

Penalty Kill 4 Players Defense
   Defense                  Defense                  Time % Phy DF OF 
 1 Mark Borowiecki          Alex Pietrangelo         55     0   4  1  
 2 Justin Braun             Mirco Mueller            45     0   4  1  

Penalty Kill - 3 Players Forward 
   Forward                                           Time % Phy DF OF 
 1 Boone Jenner                                      55     0   5  0  
 2 Juho Lammikko                                     45     0   5  0  

Penalty Kill - 3 Players Defense
   Defense                  Defense                  Time % Phy DF OF 
 1 Alex Pietrangelo         Mirco Mueller            55     0   5  0  
 2 Justin Braun             Mark Borowiecki          45     0   5  0  

4 vs 4 Forward 
   Center                   Wing                     Time % Phy DF OF 
 1 Sidney Crosby            Jonathan Huberdeau       55     0   2  3  
 2 Gabriel Landeskog        Dylan Larkin             45     0   2  3  

4 vs 4 Defense
   Defense                  Defense                  Time % Phy DF OF 
 1 Alex Pietrangelo         Justin Braun             55     0   2  3  
 2 Mark Borowiecki          Mirco Mueller            45     0   2  3  

Last Minutes Offensive
   Center                   Left Wing                Right Wing               Defense                  Defense                  
   Sidney Crosby            Jonathan Huberdeau       Gabriel Landeskog        Alex Pietrangelo         Justin Braun             

Last Minutes Defensive
   Center                   Left Wing                Right Wing               Defense                  Defense                  
   Sidney Crosby            Jonathan Huberdeau       Gabriel Landeskog        Alex Pietrangelo         Justin Braun             

Goaltenders
Starting : Darcy Kuemper            
Backup : Jake Allen               

Extra Forwards
Normal : Jonathan Drouin, Colton Sceviour, Michael Raffl - PP : Jonathan Drouin, Colton Sceviour - PK : Michael Raffl
Extra Defensemen
Normal : Mark Borowiecki, Justin Braun, Alex Pietrangelo - PP : Mark Borowiecki - PK : Justin Braun, Alex Pietrangelo
Penalty Shots
Sidney Crosby, Jonathan Huberdeau, Gabriel Landeskog, Dylan Larkin, Teuvo Teravainen
Custom OT Lines Forwards
Sidney Crosby, Jonathan Huberdeau, Gabriel Landeskog, Dylan Larkin, Teuvo Teravainen, Boone Jenner, Jonathan Drouin, Colton Sceviour, Michael Raffl, Andreas Johnsson
Custom OT Lines Defensemen
Alex Pietrangelo, Justin Braun, Zach Werenski, Tyson Barrie, Mark Borowiecki

Scratches
Shea Theodore (Healthy)

% Time on Ice - Maroons

Lines # - Real PCT - Wanted PCT - Time Play
Normal Forward
1 - 36% - 40% - 19:14
2 - 30% - 30% - 15:40
3 - 21% - 20% - 10:53
4 - 14% - 10% - 7:17
Normal Defense
1 - 39% - 40% - 20:47
2 - 29% - 30% - 15:19
3 - 24% - 20% - 12:55
4 - 8% - 10% - 4:03
PP Forward
1 - 53% - 60% - 1:04
2 - 47% - 40% - 0:56
PP Defense
1 - 53% - 60% - 1:03
2 - 48% - 40% - 0:57
PK Forward
1 - 77% - 60% - 3:47
2 - 23% - 40% - 1:09
PK Defense
1 - 54% - 60% - 2:41
2 - 46% - 40% - 2:15
PK3 Forward
1 - 82% - 60% - 0:50
2 - 18% - 40% - 0:11
PK3 Defense
1 - 46% - 60% - 0:28
2 - 54% - 40% - 0:33
44 Forward
1 - 0% - 60%
2 - 0% - 40%
44 Defense
1 - 0% - 60%
2 - 0% - 40%
Last Minute Offensive  - 0:00
Last Minute Defensive  - 0:00
Total
Forward - 61:01
Defense - 61:01

% Time on Ice - Sharks

Lines # - Real PCT - Wanted PCT - Time Play
Normal Forward
1 - 34% - 36% - 18:18
2 - 30% - 34% - 16:01
3 - 21% - 20% - 11:19
4 - 14% - 10% - 7:26
Normal Defense
1 - 37% - 38% - 19:33
2 - 37% - 38% - 19:29
3 - 26% - 24% - 14:02
4 - 0% - 0% - 0:00
PP Forward
1 - 59% - 60% - 2:54
2 - 41% - 40% - 2:02
PP Defense
1 - 50% - 60% - 2:28
2 - 50% - 40% - 2:28
PK Forward
1 - 64% - 55% - 1:17
2 - 36% - 45% - 0:43
PK Defense
1 - 56% - 55% - 1:07
2 - 44% - 45% - 0:53
PK3 Forward
1 - 0% - 55%
2 - 0% - 45%
PK3 Defense
1 - 0% - 55%
2 - 0% - 45%
44 Forward
1 - 57% - 55% - 0:35
2 - 43% - 45% - 0:26
44 Defense
1 - 92% - 55% - 0:56
2 - 8% - 45% - 0:05
Last Minute Offensive  - 0:00
Last Minute Defensive  - 0:00
Total
Forward - 61:01
Defense - 61:01

Play-by-Play

1st period


0:01 of 1st period - Sidney Crosby wins face-off versus Matthew Tkachuk in neutral zone.
0:06 of 1st period - Wrist shot by Sidney Crosby.
0:06 of 1st period - Shot Blocked by Esa Lindell.
0:12 of 1st period - Snap shot by Sidney Crosby.
0:12 of 1st period - Stopped by Cam Ward without a rebound.
0:13 of 1st period - Pierre-Luc Dubois wins face-off versus Dylan Larkin in Maroons zone.
0:13 of 1st period - Pierre-Luc Dubois is hit by Dylan Larkin.
0:25 of 1st period - Snap shot by Pierre-Luc Dubois.
0:25 of 1st period - Stopped by Darcy Kuemper without a rebound.
0:26 of 1st period - Boone Jenner wins face-off versus Nick Schmaltz in Sharks zone.
0:37 of 1st period - Wrist shot by Nick Schmaltz.
0:37 of 1st period - Shot Blocked by Andreas Johnsson.
0:39 of 1st period - Snap shot by Cal Clutterbuck.
0:39 of 1st period - Stopped by Darcy Kuemper with a rebound.
1:22 of 1st period - Brenden Dillon is hit by Justin Braun and loses puck.
1:28 of 1st period - Icing by Charlie Coyle.
1:29 of 1st period - Remi Elie wins face-off versus Pierre-Luc Dubois in Maroons zone.
1:36 of 1st period - Snap shot by Zach Werenski.
1:36 of 1st period - Shot Blocked by Jacob Trouba.
1:38 of 1st period - Wrist shot by Michael Raffl.
1:38 of 1st period - Stopped by Cam Ward without a rebound.
1:39 of 1st period - Juho Lammikko wins face-off versus Frederik Gauthier in Maroons zone.
1:52 of 1st period - Slapshot by Zach Werenski.
1:52 of 1st period - Shot Blocked by Esa Lindell.
1:54 of 1st period - Slapshot by Mirco Mueller.
1:54 of 1st period - Stopped by Cam Ward with a rebound.
1:56 of 1st period - Slapshot by Remi Elie.
1:56 of 1st period - Shot Blocked by Esa Lindell.
1:58 of 1st period - Snap shot by Remi Elie.
1:58 of 1st period - Deflect By Michael Raffl.
1:58 of 1st period - Shot Blocked by Ryan McDonagh.
1:58 of 1st period - Puck is out of play.
1:59 of 1st period - Bo Horvat wins face-off versus Sidney Crosby in Maroons zone.
2:10 of 1st period - Snap shot by Brendan Gallagher.
2:10 of 1st period - Stopped by Darcy Kuemper with a rebound.
2:12 of 1st period - Wrist shot by Bo Horvat.
2:12 of 1st period - Shot Misses the Net.
2:53 of 1st period - Off-side.
2:54 of 1st period - Bo Horvat wins face-off versus Teuvo Teravainen in neutral zone.
4:31 of 1st period - Snap shot by Gabriel Landeskog.
4:31 of 1st period - Shot Misses the Net.
4:33 of 1st period - Backhand shot by Gabriel Landeskog.
4:33 of 1st period - Stopped by Cam Ward with a rebound.
5:55 of 1st period - Jonathan Huberdeau is hit by Brendan Gallagher and loses puck.
6:26 of 1st period - Slapshot by Gabriel Landeskog.
6:26 of 1st period - Shot Misses the Net.
6:28 of 1st period - Backhand shot by Mark Borowiecki.
6:28 of 1st period - Stopped by Cam Ward without a rebound.
6:29 of 1st period - Bo Horvat wins face-off versus Dylan Larkin in Maroons zone.
6:42 of 1st period - Teuvo Teravainen is hit by Bo Horvat and loses puck.
6:55 of 1st period - Justin Braun is hit by Noah Juulsen and loses puck.
7:02 of 1st period - Snap shot by Teuvo Teravainen.
7:02 of 1st period - Shot Misses the Net.
7:47 of 1st period - Snap shot by Dylan Larkin.
7:47 of 1st period - Stopped by Cam Ward with a rebound.
7:49 of 1st period - Snap shot by Dylan Larkin.
7:49 of 1st period - Stopped by Cam Ward with a rebound.
7:51 of 1st period - Wrist shot by Dylan Larkin.
7:51 of 1st period - Shot Blocked by Noah Juulsen.
7:53 of 1st period - Wrist shot by Teuvo Teravainen.
7:53 of 1st period - Stopped by Cam Ward without a rebound.
7:54 of 1st period - Jonathan Huberdeau wins face-off versus Bo Horvat in Maroons zone.
8:21 of 1st period - Esa Lindell is hit by Mirco Mueller and loses puck.
9:01 of 1st period - Slapshot by Gabriel Landeskog.
9:01 of 1st period - Deflect By Sidney Crosby.
9:01 of 1st period - Stopped by Cam Ward without a rebound.
9:02 of 1st period - Bo Horvat wins face-off versus Sidney Crosby in Maroons zone.
9:07 of 1st period - Snap shot by Matthew Tkachuk.
9:07 of 1st period - Stopped by Darcy Kuemper without a rebound.
9:08 of 1st period - Boone Jenner wins face-off versus Matthew Tkachuk in Sharks zone.
9:35 of 1st period - Slapshot by Pierre-Luc Dubois.
9:35 of 1st period - Stopped by Darcy Kuemper without a rebound.
9:36 of 1st period - Pierre-Luc Dubois wins face-off versus Sidney Crosby in Sharks zone.
9:45 of 1st period - Slapshot by Bryan Rust.
9:45 of 1st period - Stopped by Darcy Kuemper with a rebound.
9:47 of 1st period - Snap shot by Bryan Rust.
9:47 of 1st period - Stopped by Darcy Kuemper without a rebound.
9:48 of 1st period - Dylan Larkin wins face-off versus Bo Horvat in Sharks zone.
9:50 of 1st period - Minor Penalty to Jonathan Drouin for Charging.
9:51 of 1st period - Bo Horvat wins face-off versus Boone Jenner in Sharks zone.
10:09 of 1st period - Mark Borowiecki is hit by Jacob Trouba and loses puck.
11:50 of 1st period - Penalty to Jonathan Drouin is over, Jonathan Drouin is back on ice.
11:52 of 1st period - Snap shot by Jonathan Huberdeau.
11:52 of 1st period - Stopped by Cam Ward without a rebound.
11:53 of 1st period - Dylan Larkin wins face-off versus Nick Schmaltz in Maroons zone.
11:54 of 1st period - Snap shot by Jonathan Drouin.
11:54 of 1st period - Shot Misses the Net.
11:56 of 1st period - Snap shot by Dylan Larkin.
11:56 of 1st period - Stopped by Cam Ward without a rebound.
11:57 of 1st period - Alexander Kerfoot wins face-off versus Dylan Larkin in Maroons zone.
12:14 of 1st period - Slapshot by Dylan Larkin.
12:14 of 1st period - Shot Misses the Net.
12:30 of 1st period - Snap shot by Bryan Rust.
12:30 of 1st period - Shot Misses the Net.
12:34 of 1st period - Snap shot by Bryan Rust.
12:34 of 1st period - Deflect By Pierre-Luc Dubois.
12:34 of 1st period - Shot Misses the Net.
12:34 of 1st period - Puck is out of play.
12:35 of 1st period - Dylan Larkin wins face-off versus Bo Horvat in Sharks zone.
12:42 of 1st period - Snap shot by Dylan Larkin.
12:42 of 1st period - Shot Blocked by Ryan McDonagh.
13:02 of 1st period - Dylan Larkin is hit by Cal Clutterbuck and loses puck.
13:13 of 1st period - Slapshot by Alexander Kerfoot.
13:13 of 1st period - Stopped by Darcy Kuemper without a rebound.
13:14 of 1st period - Bo Horvat wins face-off versus Sidney Crosby in Sharks zone.
13:19 of 1st period - Slapshot by Brendan Gallagher.
13:19 of 1st period - Shot Misses the Net.
13:31 of 1st period - Wrist shot by Jonathan Huberdeau.
13:31 of 1st period - Stopped by Cam Ward with a rebound.
13:43 of 1st period - Snap shot by Colton Sceviour.
13:43 of 1st period - Stopped by Cam Ward without a rebound.
13:44 of 1st period - Pierre-Luc Dubois wins face-off versus Boone Jenner in Maroons zone.
13:54 of 1st period - Icing by Tyson Barrie.
13:55 of 1st period - Boone Jenner wins face-off versus Bo Horvat in Sharks zone.
14:02 of 1st period - Snap shot by Colton Sceviour.
14:02 of 1st period - Deflect By Boone Jenner.
14:02 of 1st period - Stopped by Cam Ward with a rebound.
14:40 of 1st period - Wrist shot by Andreas Johnsson.
14:40 of 1st period - Shot Misses the Net.
14:42 of 1st period - Slapshot by Mark Borowiecki.
14:42 of 1st period - Shot Misses the Net.
15:06 of 1st period - Slapshot by Tyson Barrie.
15:06 of 1st period - Stopped by Cam Ward without a rebound.
15:07 of 1st period - Bo Horvat wins face-off versus Sidney Crosby in Maroons zone.
15:34 of 1st period - Teuvo Teravainen is hit by Pierre-Luc Dubois and loses puck.
15:41 of 1st period - Snap shot by Charlie Coyle.
15:41 of 1st period - Stopped by Darcy Kuemper with a rebound.
15:43 of 1st period - Snap shot by Carl Gunnarsson.
15:43 of 1st period - Stopped by Darcy Kuemper without a rebound.
15:44 of 1st period - Pierre-Luc Dubois wins face-off versus Jonathan Huberdeau in Sharks zone.
16:01 of 1st period - Snap shot by Jonathan Huberdeau.
16:01 of 1st period - Deflect By Sidney Crosby.
16:01 of 1st period - Stopped by Cam Ward without a rebound.
16:02 of 1st period - Bo Horvat wins face-off versus Dylan Larkin in Maroons zone.
16:06 of 1st period - Icing by Bo Horvat.
16:07 of 1st period - Bo Horvat wins face-off versus Dylan Larkin in Maroons zone.
16:11 of 1st period - Off-side.
16:12 of 1st period - Bo Horvat wins face-off versus Dylan Larkin in neutral zone.
16:17 of 1st period - Snap shot by Matthew Tkachuk.
16:17 of 1st period - Stopped by Darcy Kuemper without a rebound.
16:18 of 1st period - Sidney Crosby wins face-off versus Matthew Tkachuk in Sharks zone.
16:48 of 1st period - Snap shot by Pierre-Luc Dubois.
16:48 of 1st period - Shot Misses the Net.
17:06 of 1st period - Bryan Rust is hit by Teuvo Teravainen.
17:54 of 1st period - Snap shot by Pierre-Luc Dubois.
17:54 of 1st period - Stopped by Darcy Kuemper without a rebound.
17:55 of 1st period - Sidney Crosby wins face-off versus Bo Horvat in Sharks zone.
18:32 of 1st period - Alex Pietrangelo is hit by Brendan Gallagher and loses puck.
18:57 of 1st period - Snap shot by Matthew Tkachuk.
18:57 of 1st period - Stopped by Darcy Kuemper with a rebound.
18:59 of 1st period - Wrist shot by Matthew Tkachuk.
18:59 of 1st period - Shot Misses the Net.
19:01 of 1st period - Slapshot by Noah Juulsen.
19:01 of 1st period - Stopped by Darcy Kuemper with a rebound.
19:03 of 1st period - Snap shot by Bo Horvat.
19:03 of 1st period - Stopped by Darcy Kuemper with a rebound.
19:05 of 1st period - Wrist shot by Brendan Gallagher.
19:05 of 1st period - Stopped by Darcy Kuemper without a rebound.
19:06 of 1st period - Nick Schmaltz wins face-off versus Sidney Crosby in Sharks zone.
19:15 of 1st period - Ryan McDonagh is hit by Tyson Barrie.
19:48 of 1st period - Off-side.
19:49 of 1st period - Pierre-Luc Dubois wins face-off versus Dylan Larkin in neutral zone.
Goals for this period are 0 for Maroons vs 0 for Sharks.
Shots for this period are 16 for Maroons vs 16 for Sharks.

2nd period


0:01 of 2nd period - Bo Horvat wins face-off versus Jonathan Huberdeau in neutral zone.
0:04 of 2nd period - Wrist shot by Matthew Tkachuk.
0:04 of 2nd period - Deflect By Bo Horvat.
0:04 of 2nd period - Stopped by Darcy Kuemper with a rebound.
1:20 of 2nd period - Mirco Mueller is hit by Nick Ritchie and loses puck.
1:39 of 2nd period - Snap shot by Dylan Larkin.
1:39 of 2nd period - Deflect By Jonathan Drouin.
1:39 of 2nd period - Stopped by Cam Ward with a rebound.
1:41 of 2nd period - Slapshot by Alex Pietrangelo.
1:41 of 2nd period - Shot Blocked by Jacob Trouba.
1:43 of 2nd period - Snap shot by Teuvo Teravainen.
1:43 of 2nd period - Goal by Teuvo Teravainen - Maroons : 0 - Sharks : 1.
1:44 of 2nd period - Dylan Larkin wins face-off versus Bo Horvat in neutral zone.
1:53 of 2nd period - Snap shot by Dylan Larkin.
1:53 of 2nd period - Stopped by Cam Ward without a rebound.
1:54 of 2nd period - Bo Horvat wins face-off versus Dylan Larkin in Maroons zone.
2:07 of 2nd period - Wrist shot by Teuvo Teravainen.
2:07 of 2nd period - Stopped by Cam Ward with a rebound.
2:09 of 2nd period - Slapshot by Alex Pietrangelo.
2:09 of 2nd period - Shot Misses the Net.
2:11 of 2nd period - Snap shot by Justin Braun.
2:11 of 2nd period - Stopped by Cam Ward without a rebound.
2:12 of 2nd period - Pierre-Luc Dubois wins face-off versus Jonathan Huberdeau in Maroons zone.
3:30 of 2nd period - Slapshot by Brendan Gallagher.
3:30 of 2nd period - Shot Misses the Net.
3:32 of 2nd period - Wrist shot by Matthew Tkachuk.
3:32 of 2nd period - Stopped by Darcy Kuemper with a rebound.
3:34 of 2nd period - Snap shot by Bo Horvat.
3:34 of 2nd period - Shot Misses the Net.
4:22 of 2nd period - Frederik Gauthier is hit by Alex Pietrangelo and loses puck.
5:21 of 2nd period - Cal Clutterbuck is hit by Gabriel Landeskog and loses puck.
5:40 of 2nd period - Jay Beagle is hit by Teuvo Teravainen and loses puck.
6:02 of 2nd period - Tyson Barrie is hit by Matthew Tkachuk and loses puck.
6:23 of 2nd period - Jacob Trouba is hit by Jonathan Huberdeau and loses puck.
6:37 of 2nd period - Off-side.
6:38 of 2nd period - Nick Schmaltz wins face-off versus Dylan Larkin in neutral zone.
6:45 of 2nd period - Slapshot by Esa Lindell.
6:45 of 2nd period - Deflect By Alexander Kerfoot.
6:45 of 2nd period - Shot Misses the Net.
6:45 of 2nd period - Puck is out of play.
6:46 of 2nd period - Sidney Crosby wins face-off versus Bo Horvat in Sharks zone.
7:17 of 2nd period - Slapshot by Alexander Kerfoot.
7:17 of 2nd period - Stopped by Darcy Kuemper without a rebound.
7:18 of 2nd period - Nick Schmaltz wins face-off versus Dylan Larkin in Sharks zone.
7:19 of 2nd period - Wrist shot by Alexander Kerfoot.
7:19 of 2nd period - Shot Misses the Net.
7:21 of 2nd period - Slapshot by Jacob Trouba.
7:21 of 2nd period - Shot Hit the Post.
7:23 of 2nd period - Slapshot by Nick Schmaltz.
7:23 of 2nd period - Shot Misses the Net.
7:25 of 2nd period - Slapshot by Brenden Dillon.
7:25 of 2nd period - Stopped by Darcy Kuemper with a rebound.
7:27 of 2nd period - Wrist shot by Nick Schmaltz.
7:27 of 2nd period - Stopped by Darcy Kuemper with a rebound.
7:29 of 2nd period - Slapshot by Jacob Trouba.
7:29 of 2nd period - Stopped by Darcy Kuemper with a rebound.
8:08 of 2nd period - Slapshot by Ryan McDonagh.
8:08 of 2nd period - Goal by Ryan McDonagh - Maroons : 1 - Sharks : 1.
8:09 of 2nd period - Bo Horvat wins face-off versus Sidney Crosby in neutral zone.
8:37 of 2nd period - Off-side.
8:38 of 2nd period - Pierre-Luc Dubois wins face-off versus Dylan Larkin in neutral zone.
8:41 of 2nd period - Jonathan Drouin is hit by Charlie Coyle and loses puck.
8:48 of 2nd period - Wrist shot by Charlie Coyle.
8:48 of 2nd period - Stopped by Darcy Kuemper without a rebound.
8:49 of 2nd period - Bo Horvat wins face-off versus Sidney Crosby in Sharks zone.
9:16 of 2nd period - Ryan McDonagh is hit by Colton Sceviour and loses puck.
9:35 of 2nd period - Snap shot by Bo Horvat.
9:35 of 2nd period - Shot Misses the Net.
9:41 of 2nd period - Wrist shot by Matthew Tkachuk.
9:41 of 2nd period - Shot Misses the Net.
9:43 of 2nd period - Slapshot by Ryan McDonagh.
9:43 of 2nd period - Shot Blocked by Mirco Mueller.
9:48 of 2nd period - Minor Penalty to Colton Sceviour for Holding.
9:49 of 2nd period - Pierre-Luc Dubois wins face-off versus Boone Jenner in Sharks zone.
9:49 of 2nd period - Snap shot by Charlie Coyle.
9:49 of 2nd period - Deflect By Bryan Rust.
9:49 of 2nd period - Goal by Bryan Rust - Maroons : 2 - Sharks : 1.
9:50 of 2nd period - Dylan Larkin wins face-off versus Pierre-Luc Dubois in neutral zone.
10:01 of 2nd period - Snap shot by Dylan Larkin.
10:01 of 2nd period - Deflect By Pierre-Luc Dubois.
10:01 of 2nd period - Shot Blocked by Pierre-Luc Dubois.
10:01 of 2nd period - Puck is out of play.
10:02 of 2nd period - Sidney Crosby wins face-off versus Pierre-Luc Dubois in Maroons zone.
10:41 of 2nd period - Esa Lindell is hit by Jonathan Drouin and loses puck.
10:58 of 2nd period - Slapshot by Matthew Tkachuk.
10:58 of 2nd period - Stopped by Darcy Kuemper without a rebound.
10:59 of 2nd period - Sidney Crosby wins face-off versus Bryan Rust in Sharks zone.
11:13 of 2nd period - Off-side.
11:14 of 2nd period - Jonathan Drouin wins face-off versus Bo Horvat in neutral zone.
11:28 of 2nd period - Snap shot by Teuvo Teravainen.
11:28 of 2nd period - Shot Misses the Net.
12:28 of 2nd period - Snap shot by Boone Jenner.
12:28 of 2nd period - Stopped by Cam Ward without a rebound.
12:29 of 2nd period - Boone Jenner wins face-off versus Bo Horvat in Maroons zone.
12:30 of 2nd period - Slapshot by Andreas Johnsson.
12:30 of 2nd period - Stopped by Cam Ward with a rebound.
12:32 of 2nd period - Wrist shot by Boone Jenner.
12:32 of 2nd period - Shot Misses the Net.
12:34 of 2nd period - Snap shot by Boone Jenner.
12:34 of 2nd period - Stopped by Cam Ward without a rebound.
12:35 of 2nd period - Dylan Larkin wins face-off versus Bo Horvat in Maroons zone.
12:52 of 2nd period - Snap shot by Matthew Tkachuk.
12:52 of 2nd period - Stopped by Darcy Kuemper without a rebound.
12:53 of 2nd period - Pierre-Luc Dubois wins face-off versus Sidney Crosby in Sharks zone.
12:54 of 2nd period - Snap shot by Bryan Rust.
12:54 of 2nd period - Shot Blocked by Gabriel Landeskog.
13:55 of 2nd period - Slapshot by Pierre-Luc Dubois.
13:55 of 2nd period - Shot Blocked by Mark Borowiecki.
13:57 of 2nd period - Slapshot by Jacob Trouba.
13:57 of 2nd period - Stopped by Darcy Kuemper without a rebound.
13:58 of 2nd period - Dylan Larkin wins face-off versus Bo Horvat in Sharks zone.
14:59 of 2nd period - Snap shot by Bo Horvat.
14:59 of 2nd period - Shot Misses the Net.
15:01 of 2nd period - Snap shot by Matthew Tkachuk.
15:01 of 2nd period - Shot Misses the Net.
15:05 of 2nd period - Wrist shot by Matthew Tkachuk.
15:05 of 2nd period - Shot Blocked by Boone Jenner.
15:35 of 2nd period - Mirco Mueller is hit by Brendan Gallagher and loses puck.
16:11 of 2nd period - Off-side.
16:12 of 2nd period - Pierre-Luc Dubois wins face-off versus Dylan Larkin in neutral zone.
17:47 of 2nd period - Remi Elie is hit by Nick Ritchie and loses puck.
18:22 of 2nd period - Noah Juulsen is hit by Dylan Larkin and loses puck.
19:58 of 2nd period - Charlie Coyle is hit by Sidney Crosby and loses puck.
Goals for this period are 2 for Maroons vs 1 for Sharks.
Shots for this period are 12 for Maroons vs 8 for Sharks.

3rd period


0:01 of 3rd period - Dylan Larkin wins face-off versus Brendan Gallagher in neutral zone.
0:04 of 3rd period - Bo Horvat is hit by Dylan Larkin and loses puck.
0:58 of 3rd period - Snap shot by Frederik Gauthier.
0:58 of 3rd period - Stopped by Darcy Kuemper with a rebound.
1:11 of 3rd period - Off-side.
1:12 of 3rd period - Nick Schmaltz wins face-off versus Juho Lammikko in neutral zone.
1:27 of 3rd period - Snap shot by Michael Raffl.
1:27 of 3rd period - Shot Blocked by Esa Lindell.
1:55 of 3rd period - Brendan Gallagher is hit by Mark Borowiecki and loses puck.
2:12 of 3rd period - Snap shot by Charlie Coyle.
2:12 of 3rd period - Deflect By Pierre-Luc Dubois.
2:12 of 3rd period - Shot Blocked by Alex Pietrangelo.
2:12 of 3rd period - Puck is out of play.
2:13 of 3rd period - Pierre-Luc Dubois wins face-off versus Sidney Crosby in Sharks zone.
2:14 of 3rd period - Backhand shot by Jacob Trouba.
2:14 of 3rd period - Stopped by Darcy Kuemper with a rebound.
3:31 of 3rd period - Wrist shot by Jacob Trouba.
3:31 of 3rd period - Deflect By Zach Werenski.
3:31 of 3rd period - Stopped by Darcy Kuemper with a rebound.
3:33 of 3rd period - Slapshot by Brenden Dillon.
3:33 of 3rd period - Shot Blocked by Mirco Mueller.
4:31 of 3rd period - Wrist shot by Nick Schmaltz.
4:31 of 3rd period - Shot Blocked by Mark Borowiecki.
4:33 of 3rd period - Snap shot by Ryan McDonagh.
4:33 of 3rd period - Stopped by Darcy Kuemper with a rebound.
4:53 of 3rd period - Snap shot by Charlie Coyle.
4:53 of 3rd period - Stopped by Darcy Kuemper with a rebound.
4:55 of 3rd period - Slapshot by Noah Juulsen.
4:55 of 3rd period - Stopped by Darcy Kuemper without a rebound.
4:56 of 3rd period - Dylan Larkin wins face-off versus Brendan Gallagher in Sharks zone.
4:56 of 3rd period - Dylan Larkin is hit by Matthew Tkachuk.
5:06 of 3rd period - Snap shot by Jonathan Drouin.
5:06 of 3rd period - Shot Misses the Net.
5:14 of 3rd period - Alex Pietrangelo is hit by Noah Juulsen and loses puck.
5:29 of 3rd period - Justin Braun is hit by Pierre-Luc Dubois and loses puck.
5:36 of 3rd period - Snap shot by Charlie Coyle.
5:36 of 3rd period - Deflect By Jonathan Huberdeau.
5:36 of 3rd period - Stopped by Darcy Kuemper without a rebound.
5:37 of 3rd period - Sidney Crosby wins face-off versus Pierre-Luc Dubois in Sharks zone.
5:43 of 3rd period - Icing by Bryan Rust.
5:44 of 3rd period - Sidney Crosby wins face-off versus Pierre-Luc Dubois in Maroons zone.
6:01 of 3rd period - Wrist shot by Gabriel Landeskog.
6:01 of 3rd period - Stopped by Cam Ward with a rebound.
6:03 of 3rd period - Slapshot by Sidney Crosby.
6:03 of 3rd period - Stopped by Cam Ward with a rebound.
6:11 of 3rd period - Snap shot by Sidney Crosby.
6:11 of 3rd period - Stopped by Cam Ward with a rebound.
6:13 of 3rd period - Slapshot by Sidney Crosby.
6:13 of 3rd period - Shot Misses the Net.
6:15 of 3rd period - Wrist shot by Gabriel Landeskog.
6:15 of 3rd period - Stopped by Cam Ward with a rebound.
6:23 of 3rd period - Snap shot by Gabriel Landeskog.
6:23 of 3rd period - Stopped by Cam Ward with a rebound.
6:25 of 3rd period - Slapshot by Sidney Crosby.
6:25 of 3rd period - Shot Misses the Net.
6:27 of 3rd period - Snap shot by Jonathan Huberdeau.
6:27 of 3rd period - Shot Blocked by Esa Lindell.
6:29 of 3rd period - Wrist shot by Sidney Crosby.
6:29 of 3rd period - Goal by Sidney Crosby - Maroons : 2 - Sharks : 2.
6:30 of 3rd period - Bo Horvat wins face-off versus Dylan Larkin in neutral zone.
6:32 of 3rd period - Off-side.
6:33 of 3rd period - Teuvo Teravainen wins face-off versus Bo Horvat in neutral zone.
7:17 of 3rd period - Minor Penalty to Jacob Trouba for Holding.
7:18 of 3rd period - Sidney Crosby wins face-off versus Jay Beagle in Maroons zone.
7:25 of 3rd period - Wrist shot by Jonathan Huberdeau.
7:25 of 3rd period - Deflect By Cal Clutterbuck.
7:25 of 3rd period - Stopped by Cam Ward with a rebound.
7:27 of 3rd period - Slapshot by Sidney Crosby.
7:27 of 3rd period - Shot Blocked by Ryan McDonagh.
7:35 of 3rd period - Snap shot by Sidney Crosby.
7:35 of 3rd period - Stopped by Cam Ward without a rebound.
7:36 of 3rd period - Sidney Crosby wins face-off versus Jay Beagle in Maroons zone.
8:02 of 3rd period - Snap shot by Jonathan Huberdeau.
8:02 of 3rd period - Shot Misses the Net.
8:39 of 3rd period - Brenden Dillon is hit by Tyson Barrie and loses puck.
9:17 of 3rd period - Penalty to Jacob Trouba is over, Jacob Trouba is back on ice.
9:24 of 3rd period - Justin Braun is hit by Matthew Tkachuk and loses puck.
10:01 of 3rd period - Remi Elie is hit by Charlie Coyle and loses puck.
10:21 of 3rd period - Matthew Tkachuk is hit by Mark Borowiecki and loses puck.
11:09 of 3rd period - Mark Borowiecki is hit by Cal Clutterbuck and loses puck.
11:44 of 3rd period - Esa Lindell is hit by Gabriel Landeskog and loses puck.
12:07 of 3rd period - Wrist shot by Alexander Kerfoot.
12:07 of 3rd period - Shot Hit the Post.
12:09 of 3rd period - Snap shot by Cal Clutterbuck.
12:09 of 3rd period - Stopped by Darcy Kuemper without a rebound.
12:10 of 3rd period - Dylan Larkin wins face-off versus Nick Schmaltz in Sharks zone.
12:15 of 3rd period - Wrist shot by Nick Schmaltz.
12:15 of 3rd period - Shot Misses the Net.
12:17 of 3rd period - Wrist shot by Alexander Kerfoot.
12:17 of 3rd period - Stopped by Darcy Kuemper without a rebound.
12:18 of 3rd period - Dylan Larkin wins face-off versus Bo Horvat in Sharks zone.
14:00 of 3rd period - Slapshot by Zach Werenski.
14:00 of 3rd period - Stopped by Cam Ward with a rebound.
14:14 of 3rd period - Slapshot by Brenden Dillon.
14:14 of 3rd period - Shot Misses the Net.
14:16 of 3rd period - Slapshot by Jacob Trouba.
14:16 of 3rd period - Shot Misses the Net.
15:02 of 3rd period - Snap shot by Andreas Johnsson.
15:02 of 3rd period - Deflect By Bo Horvat.
15:02 of 3rd period - Shot Misses the Net.
15:02 of 3rd period - Puck is out of play.
15:03 of 3rd period - Bo Horvat wins face-off versus Boone Jenner in Maroons zone.
15:30 of 3rd period - Brendan Gallagher is hit by Mark Borowiecki and loses puck.
15:41 of 3rd period - Slapshot by Andreas Johnsson.
15:41 of 3rd period - Stopped by Cam Ward without a rebound.
15:42 of 3rd period - Gabriel Landeskog wins face-off versus Nick Schmaltz in Maroons zone.
15:49 of 3rd period - Snap shot by Jonathan Huberdeau.
15:49 of 3rd period - Stopped by Cam Ward with a rebound.
15:57 of 3rd period - Snap shot by Alexander Kerfoot.
15:57 of 3rd period - Stopped by Darcy Kuemper with a rebound.
16:12 of 3rd period - Sidney Crosby is hit by Charlie Coyle and loses puck.
16:33 of 3rd period - Frederik Gauthier is hit by Sidney Crosby and loses puck.
16:39 of 3rd period - Minor Penalty to Esa Lindell for Holding Stick.
16:40 of 3rd period - Sidney Crosby wins face-off versus Jay Beagle in Maroons zone.
16:48 of 3rd period - Snap shot by Jay Beagle.
16:48 of 3rd period - Shot Misses the Net.
17:06 of 3rd period - Cal Clutterbuck is hit by Justin Braun and loses puck.
18:39 of 3rd period - Penalty to Esa Lindell is over, Esa Lindell is back on ice.
19:01 of 3rd period - Minor Penalty to Brendan Gallagher for Holding.
19:02 of 3rd period - Jay Beagle wins face-off versus Sidney Crosby in Maroons zone.
Goals for this period are 0 for Maroons vs 1 for Sharks.
Shots for this period are 10 for Maroons vs 11 for Sharks.

Overtime #1


0:01 of 1st overtime period - Sidney Crosby wins face-off versus Bo Horvat in neutral zone.
0:40 of 1st overtime period - Snap shot by Dylan Larkin.
0:40 of 1st overtime period - Deflect By Gabriel Landeskog.
0:40 of 1st overtime period - Stopped by Cam Ward with a rebound.
1:01 of 1st overtime period - Penalty to Brendan Gallagher is over, Brendan Gallagher is back on ice.
1:39 of 1st overtime period - Teuvo Teravainen is hit by Bryan Rust and loses puck.
4:30 of 1st overtime period - Boone Jenner is hit by Jacob Trouba and loses puck.
Goals for this period are 0 for Maroons vs 0 for Sharks.
Shots for this period are 0 for Maroons vs 1 for Sharks.

ShootOut


5:00 of 1st overtime period - Round #1.
5:00 of 1st overtime period - Maroons, Bo Horvat.
5:00 of 1st overtime period - Deke by Bo Horvat.
5:00 of 1st overtime period - Goal by Bo Horvat.
5:00 of 1st overtime period - Sharks, Sidney Crosby.
5:00 of 1st overtime period - Wrist shot by Sidney Crosby.
5:00 of 1st overtime period - Shot Misses the Net.
5:00 of 1st overtime period - Round #2.
5:00 of 1st overtime period - Maroons, Matthew Tkachuk.
5:00 of 1st overtime period - Deke by Matthew Tkachuk.
5:00 of 1st overtime period - Stopped by Darcy Kuemper.
5:00 of 1st overtime period - Sharks, Jonathan Huberdeau.
5:00 of 1st overtime period - Snap shot by Jonathan Huberdeau.
5:00 of 1st overtime period - Stopped by Cam Ward.
5:00 of 1st overtime period - Round #3.
5:00 of 1st overtime period - Maroons, Brendan Gallagher.
5:00 of 1st overtime period - Backhand shot by Brendan Gallagher.
5:00 of 1st overtime period - Shot Misses the Net.
5:00 of 1st overtime period - Sharks, Gabriel Landeskog.
5:00 of 1st overtime period - Backhand shot by Gabriel Landeskog.
5:00 of 1st overtime period - Stopped by Cam Ward.